 Dungeon Crawl Stone Soup version 0.26-a0-651-gb41185065b (webtiles) character file.

Game seed: 15078242452408007433

93 Lanoc the Ruffian (level 4, -2/36 HPs)
             Began as a Draconian Transmuter on Oct 5, 2020.
             Slain by a gnoll
             ... wielding a +0 club
              (6 damage)
             ... on level 3 of the Dungeon.
             The game lasted 00:04:06 (2367 turns).

Lanoc the Ruffian (Draconian Transmuter)            Turns: 2367, Time: 00:04:07

Health: -2/36      AC:  5    Str: 13    XL:     4   Next: 36%
Magic:  7/7        EV: 12    Int: 14    God:
Gold:   186        SH:  0    Dex: 11    Spells: 4/7 levels left

rFire    + + .     SeeInvis .     - Unarmed
rCold    + . .     Faith    .   (no shield)
rNeg     . . .     Spirit   .   (armour unavailable)
rPois    +         Reflect  .   (helmet currently unavailable)
rElec    +         Harm     .   (no cloak)
rCorr    +         Rampage  .   (no gloves)
MR       .....                  (boots currently unavailable)
Stlth    +.........             f - amulet of magic regeneration
HPRegen  0.12/turn              h - ring of protection from fire
MPRegen  0.35/turn              (no ring)

@: appendages (expiring), resistant, wereblooded, stab
A: unfitting armour, horns 2, talons 2, cold-blooded, AC +5
a: End Transformation


You were on level 3 of the Dungeon.
You had grown temporary horns.
You had grown temporary talons.
You visited 1 branch of the dungeon, and saw 3 of its levels.

You collected 186 gold pieces.

Inventory:

Jewellery
 f - an amulet of magic regeneration (around neck)
 h - a ring of protection from fire (left hand)
Scrolls
 a - 4 scrolls of identify {unknown}
 d - a scroll of fog {unknown}
 i - 2 scrolls of remove curse {unknown}
Potions
 g - a potion of flight {unknown}


   Skills:
 + Level 2.2 Fighting
 + Level 2.3 Dodging
 * Level 3.8 Unarmed Combat
 - Level 2.0 Spellcasting
 * Level 3.1 Transmutations


You had 4 spell levels left.
You knew the following spells:

 Your Spells              Type           Power        Failure   Level
a - Beastly Appendage     Tmut           ##....       7%          1
b - Wereblood             Tmut           ##......     10%         2

Your spell library contained the following spells:

 Spells                   Type           Power        Failure   Level
 Spider Form              Tmut/Pois      #.........   36%         3
 Ice Form                 Ice/Tmut       #.......     77%         4
 Blade Hands              Tmut           ##........   88%         5


Dungeon Overview and Level Annotations

Branches:
Dungeon (3/15)

Altars:
Qazlal


Innate Abilities, Weirdness & Mutations

Your plain brown scales are hard. (AC +5)
You cannot fit into any form of body armour.
You are cold-blooded and may be slowed by cold attacks.
You have a pair of horns on your head.
You have razor-sharp toenails.


Message History

You miss the goblin.
The goblin is severely wounded.
The gnoll closely misses you. The goblin closely misses you.
The gnoll hits you with a +0 halberd.
It was a potion of stabbing.
You feel ready to backstab.
The gnoll throws a stone.
The stone barely misses you. The goblin hits you.
It was a potion of curing.
You feel better. The gnoll hits you with a +0 halberd!
* * * LOW HITPOINT WARNING * * *
The gnoll hits you with a +0 club.
* * * LOW HITPOINT WARNING * * *
The goblin hits you.
* * * LOW HITPOINT WARNING * * *
It was a potion of resistance.
You feel protected. The gnoll hits you with a +0 halberd.
* * * LOW HITPOINT WARNING * * *
The gnoll hits you with a +0 club.
You die...

### #.# #........ #.####.#.#....
## #........##... .##
###..........###
..###g>gg(.g..#..#
......######(##g.# ############
#.###.## #.##..## #..........#
#.# #.[#####.##gg.####..........#
#.###......(...g@...(#..........#
#.....######.###g....#..........#
#####.# #°...§#....))[.........#
#.....# ##.....#...^.#..........#
#.###.##...._........#..........#
#.# #.##.#.....#.....#.........(#
#.###....#○...☼#.....#....<......
.......#####.###....(###..######.
#.#.#### #...# ##.#### #.## #


You could see 4 gnolls and a goblin.

Vanquished Creatures
  4 adders
  A dart slug (D:1)
  4 orcs (D:3)
  A ball python (D:3)
  4 giant cockroaches
  5 hobgoblins (D:1)
  4 jackals
  A quokka (D:3)
  5 bats
  2 frilled lizards
  7 goblins
  4 kobolds
  7 rats
49 creatures vanquished.

Notes
Turn   | Place    | Note
-------+----------+-------------------------------------------
     0 | D:1      | Lanoc the Draconian Transmuter began the quest for the Orb.
     0 | D:1      | Reached XP level 1. HP: 16/16 MP: 3/3
   328 | D:1      | Reached XP level 2. HP: 23/23 MP: 3/5
   597 | D:1      | Learned a level 2 spell: Wereblood
   988 | D:2      | Reached XP level 3. HP: 15/29 MP: 4/6
  1395 | D:3      | Found a stormy altar of Qazlal.
  1638 | D:3      | Reached XP level 4. HP: 21/36 MP: 7/7
  2367 | D:3      | Slain by a gnoll

Illustrated notes

Levels and vault maps discovered:
D:1:      minmay_arrival_up_and_down, layout_basic, minmay_domino_4
D:2:      layout_rooms
D:3:      layout_rooms, palyth_stone_intersect, minmay_misc_feat_cross,
          roderic_roman_lattice, grunt_qazlal_clouds

Skill      XL: |  1  2  3 |
---------------+----------+-----
Dodging        | 2 |  2.3
Fighting       | 2 |  2.2
Transmutations | 3 |  3.1
Unarmed Combat | |  3.8
Spellcasting   | |  2.0

Action                   |  1- 3 |  4- 6 || total
-------------------------+-------+-------++-------
Melee: Unarmed           |   120 |    46 ||   166
       Kick              |    19 |     2 ||    21
       Tailslap          |    10 |     6 ||    16
       Headbutt          |     5 |     2 ||     7
       Punch             |     1 |       ||     1
 Cast: Beastly Appendage |    23 |     6 ||    29
       Wereblood         |     3 |     2 ||     5
  Use: Potion            |       |     3 ||     3
 Stab: Sleeping          |       |     1 ||     1
Armor: Skin              |    37 |    12 ||    49
Dodge: Dodged            |    74 |    46 ||   120

Table legend: (Time is in decaauts)
 A = Elapsed time spent in this place.
 B = Non-inter-level travel time spent in this place.
 C = Inter-level travel time spent in this place.
 D = Time resting spent in this place.
 E = Time spent auto-exploring this place.
 F = Levels seen in this place.
 G = Mean time per level.
                   A        B        C        D        E       F      G
               +--------+--------+--------+--------+--------+-----+--------+
         Total |   2356 |   2350 |      6 |    364 |   1594 |   3 |  785.3 |
       Dungeon |   2356 |   2350 |      6 |    364 |   1594 |   3 |  785.3 |
               +--------+--------+--------+--------+--------+-----+--------+

Top non-repeatable levels by time:
     D:1: 891 daAuts
     D:2: 745 daAuts
     D:3: 718 daAuts
